PR
OGALLALA OCTOPI @ SAN DIEGO CLIPPERS
07/17/2032
 
TOP OF THE 1ST
Ogallala Octopi batting - Pitching for San Diego Clippers : RHP Paul Zucarelli
Pitching: RHP Paul Zucarelli
Batting: RHB Román Chávez 0-0: Ground out U3 (Groundball, 34)
Batting: LHB Mauro López 0-0: Called Strike
0-1: Swinging Strike
0-2: Ball
1-2: Strikes out looking
Batting: LHB Kevin de Bruyne 0-0: Called Strike
0-1: Foul Ball, location: 2F
0-2: Foul Ball, location: 2F
0-2: Ball
1-2: SINGLE (Groundball, 34S) (infield hit)
Batting: RHB Oliver Villalva 0-0: Ball
1-0: Fly out, F9 (Flyball, 9)
Top of the 1st over - 0 runs, 1 hit, 0 errors, 1 left on base; Ogallala 0 - San Diego 0
BOTTOM OF THE 1ST
San Diego Clippers batting - Pitching for Ogallala Octopi : LHP Miguel Ávila
Pitching: LHP Miguel Ávila
Batting: LHB Chet Clifton 0-0: Ball
1-0: Foul Ball, location: 2F
1-1: SINGLE (Groundball, 34D)
Batting: RHB Zhen-bang Kwan 0-0: Ball
1-0: Fielders Choice at 2nd, 3-6 (Groundball, 3)
Batting: RHB Roberto Reyes 0-0: Fly out, F9 (Line Drive, 9)
Batting: LHB Pablo Martínez 0-0: Called Strike
0-1: Ball
1-1: Called Strike
1-2: Strikes out swinging
Bottom of the 1st over - 0 runs, 1 hit, 0 errors, 1 left on base; Ogallala 0 - San Diego 0
TOP OF THE 2ND
Ogallala Octopi batting - Pitching for San Diego Clippers : RHP Paul Zucarelli
Batting: RHB Sehinsah Al-Fanari 0-0: Ball
1-0: Called Strike
1-1: Swinging Strike
1-2: Strikes out swinging
Batting: RHB Isagani Gorre 0-0: SINGLE (Line Drive, 56D)
Batting: RHB Carlos Martínez 0-0: Ball
1-0: Called Strike
1-1: Swinging Strike
1-2: Strikes out swinging
Batting: RHB Salvador Gisbert 0-0: Foul Ball, location: 2F
0-1: Ball
1-1: Ball
2-1: Called Strike
2-2: Strikes out looking
Top of the 2nd over - 0 runs, 1 hit, 0 errors, 1 left on base; Ogallala 0 - San Diego 0
BOTTOM OF THE 2ND
San Diego Clippers batting - Pitching for Ogallala Octopi : LHP Miguel Ávila
Batting: RHB Miguel Montés 0-0: Ball
1-0: Called Strike
1-1: Ball
2-1: Ground out 3-1 (Groundball, 34)
Batting: RHB Bill Fernández 0-0: Ball
1-0: Called Strike
1-1: Called Strike
1-2: SINGLE (Groundball, 6MD)
Batting: RHB Cleveland Mortimer 0-0: Called Strike
0-1: Foul Ball, location: 2F
0-2: Strikes out looking
Bill Fernández is caught stealing 2nd base
Batter strikes out.
Bottom of the 2nd over - 0 runs, 1 hit, 0 errors, 0 left on base; Ogallala 0 - San Diego 0
TOP OF THE 3RD
Ogallala Octopi batting - Pitching for San Diego Clippers : RHP Paul Zucarelli
Batting: RHB Alejandro Cantú 0-0: Ball
1-0: Fly out, F7 (Flyball, 78M)
Batting: RHB Román Chávez 0-0: Swinging Strike
0-1: Swinging Strike
0-2: Ball
1-2: Strikes out swinging
Batting: LHB Mauro López 0-0: Ball
1-0: Ball
2-0: Called Strike
2-1: SINGLE (Flyball, 6MD)
Batting: LHB Kevin de Bruyne 0-0: Foul Ball, location: 2F
0-1: Foul Ball, location: 2F
0-2: Strikes out looking
Top of the 3rd over - 0 runs, 1 hit, 0 errors, 1 left on base; Ogallala 0 - San Diego 0
BOTTOM OF THE 3RD
San Diego Clippers batting - Pitching for Ogallala Octopi : LHP Miguel Ávila
Batting: RHB Sze Qi 0-0: Ball
1-0: Called Strike
1-1: Ball
2-1: Foul Ball, location: 2F
2-2: Foul Ball, location: 2F
2-2: Strikes out swinging
Batting: RHB David Sheehan 0-0: SINGLE (Line Drive, 6D)
Batting: LHB Chet Clifton 0-0: Called Strike
0-1: Foul Ball, location: 2F
0-2: Strikes out swinging
Batting: RHB Zhen-bang Kwan 0-0: Called Strike
0-1: Foul Ball, location: 2F
0-2: Ball
1-2: Ground out 1-3 (Groundball, 15S)
Bottom of the 3rd over - 0 runs, 1 hit, 0 errors, 1 left on base; Ogallala 0 - San Diego 0
TOP OF THE 4TH
Ogallala Octopi batting - Pitching for San Diego Clippers : RHP Paul Zucarelli
Batting: RHB Oliver Villalva 0-0: Foul Ball, location: 2F
0-1: Swinging Strike
0-2: SINGLE (Groundball, 13S) (infield hit)
Batting: RHB Sehinsah Al-Fanari 0-0: Called Strike
0-1: Ball
1-1: Ball
2-1: Foul Ball, location: 2F
2-2: Strikes out swinging
Batting: RHB Isagani Gorre 0-0: Ball
1-0: Called Strike
1-1: Ball
2-1: Fly out, F8 (Flyball, 8LM)
Batting: RHB Carlos Martínez 0-0: Called Strike
Oliver Villalva steals 2nd base
0-1: Ground out U3 (Groundball, 34)
Top of the 4th over - 0 runs, 1 hit, 0 errors, 1 left on base; Ogallala 0 - San Diego 0
BOTTOM OF THE 4TH
San Diego Clippers batting - Pitching for Ogallala Octopi : LHP Miguel Ávila
Batting: RHB Roberto Reyes 0-0: Ball
1-0: Foul Ball, location: 2F
1-1: Ball
2-1: Foul Ball, location: 2F
2-2: Strikes out swinging
Batting: LHB Pablo Martínez 0-0: Ground out U3 (Groundball, 3L)
Batting: RHB Miguel Montés 0-0: Called Strike
0-1: Foul Ball, location: 2F
0-2: Ball
1-2: Ball
2-2: Ball
3-2: Ground out 1-3 (Groundball, 15S)
Bottom of the 4th over - 0 runs, 0 hits, 0 errors, 0 left on base; Ogallala 0 - San Diego 0
TOP OF THE 5TH
Ogallala Octopi batting - Pitching for San Diego Clippers : RHP Paul Zucarelli
Batting: RHB Salvador Gisbert 0-0: Bunt for hit - play at first, batter safe!
Batting: RHB Alejandro Cantú 0-0: Single, Error in OF, E8, batter to second base
Salvador Gisbert to third
Batting: RHB Román Chávez 0-0: Swinging Strike
0-1: Ball
1-1: Foul Ball, location: 2F
1-2: Strikes out looking
Batting: LHB Mauro López 0-0: Ball
1-0: Ball
2-0: SINGLE (Flyball, 7LM)
Salvador Gisbert scores
Alejandro Cantú to third
Batting: LHB Kevin de Bruyne 0-0: Fly out, F8 (Flyball, 8RD)
Runner from 3rd tags up, SCORES, throw made
Batting: RHB Oliver Villalva 0-0: Ball
Pickoff Throw to First - Out!
Top of the 5th over - 2 runs, 3 hits, 1 error, 0 left on base; Ogallala 2 - San Diego 0
BOTTOM OF THE 5TH
San Diego Clippers batting - Pitching for Ogallala Octopi : LHP Miguel Ávila
Batting: RHB Bill Fernández 0-0: Ball
1-0: Called Strike
1-1: Ball
2-1: Swinging Strike
2-2: Foul Ball, location: 2F
2-2: Strikes out swinging
Batting: RHB Cleveland Mortimer 0-0: Ball
1-0: Ground out 5-3 (Groundball, 56S)
Batting: RHB Sze Qi 0-0: Ground out 5-3 (Groundball, 5S)
Bottom of the 5th over - 0 runs, 0 hits, 0 errors, 0 left on base; Ogallala 2 - San Diego 0
TOP OF THE 6TH
Ogallala Octopi batting - Pitching for San Diego Clippers : RHP Paul Zucarelli
Batting: RHB Oliver Villalva 0-0: Ball
1-0: Ball
2-0: Ball
3-0: Called Strike
3-1: Foul Ball, location: 2F
3-2: Ground out 4-3 (Groundball, 4)
Batting: RHB Sehinsah Al-Fanari 0-0: Foul Ball, location: 2F
0-1: Foul Ball, location: 2F
0-2: Foul Ball, location: 2F
0-2: Ball
1-2: Ball
2-2: Fly out, F7 (Flyball, 7S)
Batting: RHB Isagani Gorre 0-0: Ball
1-0: Ball
2-0: Called Strike
2-1: Fly out, F7 (Flyball, 7D)
Top of the 6th over - 0 runs, 0 hits, 0 errors, 0 left on base; Ogallala 2 - San Diego 0
BOTTOM OF THE 6TH
San Diego Clippers batting - Pitching for Ogallala Octopi : LHP Miguel Ávila
Batting: RHB David Sheehan 0-0: Swinging Strike
0-1: Ball
1-1: Ball
2-1: Fly out, F7 (Flyball, 7S)
Batting: LHB Chet Clifton 0-0: Ball
1-0: Fly out, F4 (Line Drive, 4)
Batting: RHB Zhen-bang Kwan 0-0: Swinging Strike
0-1: Ball
1-1: Ball
2-1: Ball
3-1: Foul Ball, location: 2F
3-2: Strikes out swinging
Bottom of the 6th over - 0 runs, 0 hits, 0 errors, 0 left on base; Ogallala 2 - San Diego 0
TOP OF THE 7TH
Ogallala Octopi batting - Pitching for San Diego Clippers : RHP Paul Zucarelli
Batting: RHB Carlos Martínez 0-0: Ball
1-0: Called Strike
1-1: Fly out, F8 (Line Drive, 8LM)
Batting: RHB Salvador Gisbert 0-0: Ball
1-0: Called Strike
1-1: Ball
2-1: Foul Ball, location: 2F
2-2: Fly out, F7 (Line Drive, 78D)
Batting: RHB Alejandro Cantú 0-0: Ball
1-0: Called Strike
1-1: Called Strike
1-2: Strikes out swinging
Top of the 7th over - 0 runs, 0 hits, 0 errors, 0 left on base; Ogallala 2 - San Diego 0
BOTTOM OF THE 7TH
San Diego Clippers batting - Pitching for Ogallala Octopi : LHP Miguel Ávila
Batting: RHB Roberto Reyes 0-0: Foul Ball, location: 2F
0-1: Swinging Strike
0-2: Foul Ball, location: 2F
0-2: Ball
1-2: SINGLE (Line Drive, 6)
Batting: LHB Pablo Martínez 0-0: Foul Ball, location: 2F
0-1: Swinging Strike
0-2: Strikes out swinging
Batting: RHB Miguel Montés 0-0: Ball
1-0: Ball
2-0: SINGLE (Groundball, 34S) (infield hit)
Roberto Reyes to second
Batting: RHB Bill Fernández 0-0: Foul Ball, location: 2F
0-1: Foul Ball, location: 2F
0-2: Ball
1-2: Foul Ball, location: 2F
1-2: Ball
2-2: Strikes out swinging
Batting: RHB Cleveland Mortimer 0-0: Called Strike
0-1: Ball
1-1: Ball
2-1: Fly out, F7 (Flyball, 78M)
Bottom of the 7th over - 0 runs, 2 hits, 0 errors, 2 left on base; Ogallala 2 - San Diego 0
TOP OF THE 8TH
Ogallala Octopi batting - Pitching for San Diego Clippers : RHP Paul Zucarelli
Batting: RHB Román Chávez 0-0: Ball
1-0: Called Strike
1-1: Foul Ball, location: 2F
1-2: Ball
2-2: Ground out 4-3 (Groundball, 4)
Batting: LHB Mauro López 0-0: Fly out, F8 (Flyball, 8RD)
Batting: LHB Kevin de Bruyne 0-0: Ball
1-0: Called Strike
1-1: Called Strike
1-2: Ground out U3 (Groundball, 3L)
Top of the 8th over - 0 runs, 0 hits, 0 errors, 0 left on base; Ogallala 2 - San Diego 0
BOTTOM OF THE 8TH
San Diego Clippers batting - Pitching for Ogallala Octopi : LHP Miguel Ávila
Batting: RHB Sze Qi 0-0: Called Strike
0-1: Ball
1-1: Hit by Pitch
Batting: RHB David Sheehan 0-0: Ball
1-0: Ball
2-0: Called Strike
2-1: Called Strike
2-2: Foul Ball, location: 2F
2-2: 2-RUN HOME RUN (Flyball, 7LD), Distance : 337 ft
Batting: LHB Chet Clifton 0-0: Called Strike
0-1: Called Strike
0-2: Fly out, F7 (Flyball, 7S)
Pitching: RHP Pepe Pereira
Batting: RHB Zhen-bang Kwan 0-0: Ball
1-0: Called Strike
1-1: Ball
2-1: SINGLE (Line Drive, 6D)
Batting: RHB Roberto Reyes 0-0: Ball
1-0: Swinging Strike
1-1: Ball
2-1: Fly out, F6 (Line Drive, 6M)
Batting: LHB Pablo Martínez 0-0: Ball
1-0: Foul Ball, location: 2F
1-1: Foul Ball, location: 2F
1-2: Ball
Zhen-bang Kwan steals 2nd base
2-2: Foul Ball, location: 2F
2-2: Reached on error, E3 (Groundball, 3S)
Zhen-bang Kwan to third
Batting: RHB Miguel Montés 0-0: Ball
1-0: Called Strike
1-1: Swinging Strike
1-2: Foul Ball, location: 2F
1-2: Ball
2-2: Strikes out swinging
Bottom of the 8th over - 2 runs, 2 hits, 1 error, 2 left on base; Ogallala 2 - San Diego 2
TOP OF THE 9TH
Ogallala Octopi batting - Pitching for San Diego Clippers : RHP Paul Zucarelli
Pinch Hitting: SHB Milojica Kordic 0-0: Ball
1-0: Called Strike
1-1: SINGLE (Line Drive, 78S)
Pitching: RHP Ivan Garayev
Pinch Hitting: LHB Lauren Hilfiker 0-0: Called Strike
0-1: Fly out, F7 (Flyball, 7S)
Pinch Hitting: LHB Hedeon Mahalov 0-0: Called Strike
0-1: Grounds into double play, 6-4-3 (Groundball, 6)
Top of the 9th over - 0 runs, 1 hit, 0 errors, 0 left on base; Ogallala 2 - San Diego 2
BOTTOM OF THE 9TH
San Diego Clippers batting - Pitching for Ogallala Octopi : RHP Pepe Pereira
Now at C: Maverik Buffo
Now at SS: Milojica Kordic
Now in LF: Hedeon Mahalov
Pinch Hitting: LHB Luis López 0-0: Ground out U3 (Groundball, 3)
Batting: RHB Cleveland Mortimer 0-0: Ball
1-0: Ball
2-0: Foul Ball, location: 2F
2-1: Foul Ball, location: 2F
2-2: Ground out 1-3 (Groundball, 13S)
Batting: RHB Sze Qi 0-0: Foul Ball, location: 2F
0-1: Ground out 5-3 (Groundball, 5)
Bottom of the 9th over - 0 runs, 0 hits, 0 errors, 0 left on base; Ogallala 2 - San Diego 2
TOP OF THE 10TH
Ogallala Octopi batting - Pitching for San Diego Clippers : RHP Ivan Garayev
Now in LF: Dan Hines
Batting: RHB Carlos Martínez 0-0: Called Strike
0-1: Ball
1-1: Ball
2-1: Foul Ball, location: 2F
2-2: SINGLE (Flyball, 78M)
Pinch Hitting: SHB Jorge Díaz 0-0: Grounds into double play, 4-6-3 (Groundball, 4)
Batting: RHB Alejandro Cantú 0-0: Fly out, F7 (Flyball, 7LM)
Top of the 10th over - 0 runs, 1 hit, 0 errors, 0 left on base; Ogallala 2 - San Diego 2
BOTTOM OF THE 10TH
San Diego Clippers batting - Pitching for Ogallala Octopi : RHP Pepe Pereira
Now in CF: Jorge Díaz
Batting: RHB David Sheehan 0-0: Ball
1-0: Ball
2-0: Foul Ball, location: 2F
2-1: Called Strike
2-2: Reached on error, E5 (Groundball, 2L)
Batting: LHB Chet Clifton 0-0: Called Strike
0-1: Ball
1-1: Foul Ball, location: 2F
1-2: Ball
2-2: Strikes out looking
Pitching: RHP Claudio Martínez
Batting: RHB Zhen-bang Kwan 0-0: Ball
1-0: Ball
2-0: Called Strike
2-1: Foul Ball, location: 2F
2-2: Reached on error, E5 (Groundball, 5L)
David Sheehan to second
Batting: RHB Roberto Reyes 0-0: Swinging Strike
0-1: Called Strike
0-2: Foul Ball, location: 2F
0-2: Foul Ball, location: 2F
0-2: Ball
1-2: SINGLE (Line Drive, 4MD)
David Sheehan to third
Zhen-bang Kwan to second
Batting: LHB Pablo Martínez 0-0: Ball
1-0: DOUBLE (Line Drive, 8LD)
David Sheehan scores
Wednesday, September 19th, 2018 - OOTP Baseball 18.8 Build 76